 Dungeon Crawl Stone Soup version 0.27-a0-1154-gfdeffcb720 (webtiles) character file.

Game seed: 2085355113142862733

2 freelancePsychic the Insei (level 1, 0/15 HPs)
             Began as a Merfolk Transmuter on May 14, 2021.
             Succumbed to a kobold's poison
             ... on level 1 of the Dungeon.
             The game lasted 00:00:34 (183 turns).

freelancePsychic the Insei (Merfolk Transmuter)      Turns: 183, Time: 00:00:36

Health: 0/15       AC:  2    Str: 10    XL:     1   Next: 30%
Magic:  2/3        EV: 12    Int: 12    God:
Gold:   23         SH:  0    Dex: 14    Spells: 3/4 levels left

rFire    . . .     SeeInvis .     - Unarmed
rCold    . . .     Faith    .   (no shield)
rNeg     . . .     Spirit   .   a - +0 robe
rPois    .         Reflect  .   (no helmet)
rElec    .         Harm     .   (no cloak)
rCorr    .         Rampage  .   (no gloves)
Will     .....                  (no boots)
Stlth    +.........             (no amulet)
HPRegen  0.05/turn              (no ring)
MPRegen  0.08/turn              (no ring)

@: lethally poisoned (0 -> -6)
A: (nimble swimmer 2), mertail
a: no special abilities


You were on level 1 of the Dungeon.
You visited 1 branch of the dungeon, and saw 1 of its levels.

You collected 23 gold pieces.

Inventory:

Armour
 a - a +0 robe (worn)
Jewellery
 b - a ring of ice


   Skills:
 - Level 1.1 Fighting
 - Level 2.6 Dodging
 - Level 3.2 Unarmed Combat
 - Level 2.0 Spellcasting
 + Level 2.8 Transmutations
 + Level 0.3 Poison Magic


You had 3 spell levels left.
You knew the following spells:

 Your Spells              Type           Power      Damage    Failure   Level
a - Beastly Appendage     Tmut           16%        N/A       9%          1

Your spell library contained the following spells:

 Spells                   Type           Power      Damage    Failure   Level
 Wereblood                Tmut           8%         N/A       13%         2
 Spider Form              Tmut/Pois      2%         N/A       38%         3
 Ice Form                 Ice/Tmut       4%         N/A       83%         4
 Hydra Form               Tmut           4%         N/A       93%         5


Dungeon Overview and Level Annotations

Branches:
Dungeon (1/15)

Altars:


Innate Abilities, Weirdness & Mutations

((You are quick and stealthy near water. (Stealth+, EV+, Speed+++)))
Your lower body shifts to a powerful aquatic tail in water.


Message History

Casting: Beastly Appendage (safe; 9% risk of failure)
Confirm with . or Enter, or press ? or * to list all spells.
You miscast Beastly Appendage.
You are very lightly contaminated with residual magic.
Nothing appears to happen.
Casting: Beastly Appendage (safe; 9% risk of failure)
Confirm with . or Enter, or press ? or * to list all spells.
You grow a pair of large bovine horns.
The kobold hits you but does no damage.
You hit the kobold.
You kill the kobold!
Your magical contamination has completely faded away.
You closely miss the kobold. Your headbutt misses the kobold.
The kobold barely misses you.
You closely miss the kobold. The kobold misses you.
You hit the kobold. Your headbutt misses the kobold.
The kobold is moderately wounded.
The kobold hits you with a +2 short sword of venom.
You barely miss the kobold.
You headbutt the kobold, but do no damage.
The kobold is moderately wounded.
The kobold closely misses you.
You closely miss the kobold. Your punch misses the kobold.
The kobold is moderately wounded.
The kobold hits you with a +2 short sword of venom.
You barely miss the kobold. Your headbutt misses the kobold.
The kobold is moderately wounded.
Your horns disappear.
The kobold hits you with a +2 short sword of venom!
You are lethally poisoned!
You hit the kobold.
The kobold is severely wounded.
* * * LOW HITPOINT WARNING * * *
You feel sick. The kobold barely misses you.
You hit the kobold.
You kill the kobold!
* * * LOW HITPOINT WARNING * * *
You feel sick.
You aren't carrying any potions.
You aren't carrying any scrolls.
You die...

#.#####..........#
#.# #######.####
#.# #.### #+# #...#
###.##### #.##.. ##
#.##.#
##...##.##.###.#...
........@).........
##...##.##.........
##. #.#######.#.#
.. #.# # ## #.# ..#
###


There were no monsters in sight!

Vanquished Creatures
  2 kobolds (D:1)
2 creatures vanquished.

Notes
Turn   | Place    | Note
-------+----------+-------------------------------------------
     0 | D:1      | freelancePsychic the Merfolk Transmuter began the quest for
                  | the Orb.
     0 | D:1      | Reached XP level 1. HP: 15/15 MP: 3/3
   183 | D:1      | Succumbed to a kobold's poison

Illustrated notes

Levels and vault maps discovered:
D:1:      dpeg_arrival_tiny_e, layout_loops_corners,
          shapermc_ecumenical_altar_totnotflames

Action                   || total
-------------------------++-------
Melee: Unarmed           ||     9
       Headbutt          ||     1
 Cast: Beastly Appendage ||     1
Armor: Robe              ||     1
Dodge: Dodged            ||     4

Table legend: (Time is in decaauts)
 A = Elapsed time spent in this place.
 B = Non-inter-level travel time spent in this place.
 C = Inter-level travel time spent in this place.
 D = Time resting spent in this place.
 E = Time spent auto-exploring this place.
 F = Levels seen in this place.
 G = Mean time per level.
                   A        B        C        D        E       F      G
               +--------+--------+--------+--------+--------+-----+--------+
         Total |    182 |    182 |      0 |      0 |    162 |   1 |  182.0 |
       Dungeon |    182 |    182 |      0 |      0 |    162 |   1 |  182.0 |
               +--------+--------+--------+--------+--------+-----+--------+

Top non-repeatable levels by time:
     D:1: 182 daAuts
